 Dungeon Crawl Stone Soup version 0.30-a0-1082-g70414cbcbb (webtiles) character file.

Game seed: 10055200428603466873

35952 Zeldest the Cleaver (level 13, -22/108 HPs)
             Began as a Mummy Gladiator on Apr 16, 2023.
             Was a High Priest of Okawaru.
             Killed from afar by Jorgrun (30 damage)
             ... with an iron shot
             ... in the Arena.
             The game lasted 00:35:43 (22121 turns).

Zeldest the Cleaver (Mummy Gladiator)              Turns: 22121, Time: 00:35:43

Health: -22/108    AC: 18    Str: 21 (22) XL:     13   Next: 50%
Magic:  11/18      EV: 10    Int:  8      God:    Okawaru [*****.]
Gold:   1128       SH: 10    Dex: 15      Spells: 12/12 levels left

rFire   + . .      SeeInvis .    F - +2 war axe (vamp)
rCold   + . .      Faith    +    f - +0 kite shield of Cet Curr {rF+}
rNeg    + + +      Spirit   .    b - +4 ring mail
rPois   ∞          Reflect  .    c - +0 helmet
rElec   .          Rampage  .    s - +1 cloak
rCorr   +          NoCast   +    E - +2 pair of gloves
Will    +++..                    H - +0 pair of boots of Tartarus {-Cast Will+ rCorr Dex+2}
Stlth   +                        k - amulet of the acrobat
HPRegen 0.38/turn                j - ring of willpower
MPRegen 0.16/turn                q - ring of protection from fire

@: duelling
A: cold resistance 1, negative energy resistance 3, torment resistance 2, heat
vulnerability 1, in touch with death 2, no potions, faith
a: Renounce Religion, Heroism, Finesse, Duel


You were in the Arena.
You worshipped Okawaru.
Okawaru was extremely pleased with you.
You visited 3 branches of the dungeon, and saw 19 of its levels.
You visited the Abyss 1 time.
You also visited: Sewer.

You collected 1128 gold pieces.

Inventory:

Hand Weapons
 l - a +0 war axe of electrocution
 F - a +2 vampiric war axe (weapon)
Missiles
 d - 4 throwing nets (quivered)
 e - 12 javelins
 A - 3 curare-tipped darts
 I - 2 silver javelins
Armour
 b - a +4 ring mail (worn)
 c - a +0 helmet (worn)
 f - the +0 kite shield of Cet Curr (worn) {rF+}
   (You acquired it on level 11 of the Dungeon)

   rF:        It protects you from fire.
 s - a +1 cloak (worn)
 E - a +2 pair of gloves (worn)
 H - the +0 pair of boots of Tartarus (worn) {-Cast Will+ rCorr Dex+2}
   (Okawaru gifted it to you on level 4 of the Lair of Beasts)

   Dex:       It affects your dexterity (+2).
   -Cast:     It prevents spellcasting.
   rCorr:     It protects you from acid and corrosion.
   Will:      It increases your willpower.
Jewellery
 j - a ring of willpower (left hand)
 k - an amulet of the acrobat (around neck)
 n - a ring of magical power
 q - a ring of protection from fire (right hand)
 u - a ring of see invisible
 D - an amulet of reflection
Wands
 w - a wand of flame (23)
 y - a wand of polymorph (4)
 z - a wand of digging (7)
 B - a wand of light (5)
Scrolls
 a - 3 scrolls of vulnerability
 g - 3 scrolls of teleportation
 h - 3 scrolls of noise
 i - 3 scrolls of magic mapping
 m - 2 scrolls of amnesia
 o - a scroll of torment
 p - 2 scrolls of immolation
 r - 2 scrolls of identify
 t - 2 scrolls of enchant armour
 v - 2 scrolls of fog
 G - 2 scrolls of enchant weapon
Miscellaneous
 C - a lightning rod (4/4)


   Skills:
 + Level 12.0 Fighting
 * Level 14.2 Axes
 - Level 1.5 Throwing
 - Level 4.9 Armour
 - Level 2.4 Dodging
 - Level 5.4 Shields
 + Level 7.0 Invocations


You had 12 spell levels left.
You didn't know any spells.
Your spell library contained the following spells:

 Spells                   Type           Power      Damage    Failure   Level
 Kiss of Death            Conj/Necr      0%         2d5       89%         1
 Necrotise                Necr           0%         1d4       89%         1
 Confusing Touch          Hex            0%         N/A       99%         3
 Frozen Ramparts          Ice            0%         1d1       99%         3
 Gell's Gravitas          Tloc           0%         N/A       99%         3
 Inner Flame              Hex/Fire       0%         N/A       99%         3
 Ozocubu's Armour         Ice            0%         N/A       99%         3
 Portal Projectile        Hex/Tloc       0%         N/A       99%         3
 Teleport Other           Tloc           0%         N/A       99%         3
 Vampiric Draining        Necr           0%         2d6       99%         3
 Vhi's Electric Charge    Tloc/Air       0%         N/A       99%         3
 Dispel Undead            Necr           0%         3d6       100%        4
 Flame Wave               Conj/Fire      0%         2d4       100%        4
 Leda's Liquefaction      Hex/Erth       0%         N/A       100%        4
 Sticky Flame             Conj/Fire      0%         2d3       100%        4
 Agony                    Necr           0%         N/A       100%        5
 Alistair's Intoxication  Tmut/Pois      0%         N/A       100%        5
 Arcjolt                  Conj/Air       0%         1d10      100%        5
 Borgnjor's Vile Clutch   Necr/Erth      0%         N/A       100%        5
 Iskenderun's Battlesphe  Conj           0%         2d6       100%        5
 Dispersal                Tloc           0%         N/A       100%        6
 Eringya's Noxious Bog    Tmut/Pois      0%         N/A       100%        6
 Iron Shot                Conj/Erth      0%         9d1       100%        6
 Maxwell's Capacitive Co  Air            0%         ∞         100%        8
 Call Canine Familiar     Summ           Unusable   N/A       N/A         3
 Animate Armour           Summ/Erth      Unusable   N/A       N/A         4
 Blade Hands              Tmut           Unusable   N/A       N/A         5
 Spellforged Servitor     Conj/Summ      Unusable   N/A       N/A         7
 Summon Horrible Things   Summ           Unusable   N/A       N/A         8

Dungeon Overview and Level Annotations

Branches:
Dungeon (13/15) Zot: 26567  Temple (1/1) D:5 Zot: 5892    Lair (5/5) D:11 Zot: 23611
 Shoals (0/4) Lair:3       Spider (0/4) Lair:3          Orc (0/2) D:12
  Sewer (visited)
  Slime: Lair:4-5    Vaults: D:13-14

Altars:
Ashenzari
Cheibriados
Dithmenos
Fedhas
Gozag
Hepliaklqana
Kikubaaqudgha
Makhleb
Nemelex Xobeh
Okawaru
Qazlal
Ru
Sif Muna
Trog
Uskayaw
Vehumet
Wu Jian
Xom
Yredelemnul

Shops:
D:4 :   D:6 !

Annotations:
D:6 Dowan, Duvessa
D:7 3 runed translucent doors, avangion's ghost, novice DECj
Lair:3 exclusion: oklob plant Arena Jorgrun


Innate Abilities, Weirdness & Mutations

You are immune to poison.
Your flesh is cold resistant. (rC+)
You are immune to negative energy. (rN+++)
You are immune to unholy pain and torment.
You are vulnerable to heat. (rF-)
You are strongly in touch with the powers of death.
You do not drink.
You have a special connection with the divine. (Faith)


Message History

Aim: a vampire mosquito (poison gas)
The vampire mosquito is not worthy to be dueled!
Unknown command.
Aiming: Duel (38% risk of failure)
Press: ? - help, Dir - move target, f - Jorgrun, p - vampire mosquito
Aim: Jorgrun, wielding a staff of earth and wearing a +0 robe (poison gas, moderately wounded, extremely poisoned)
You enter into single combat with Jorgrun!
The world spins around you as you enter the gateway.
You enter Okawaru's Arena!
Reactivating autopickup.
The spectator shouts! x14
Jorgrun hits you with a staff of earth.
* * * LOW HITPOINT WARNING * * *
Found a gate leading back out of this place.
There is an empty arch of ancient stone here.
Aiming: Bolt of Light
Press: ? - help, Shift-Dir - straight line, f - Jorgrun
Aim: Jorgrun, wielding a staff of earth and wearing a +0 robe (moderately wounded, extremely poisoned, 53% to hit)
The bolt of light hits Jorgrun!
Jorgrun is moderately wounded.
Jorgrun is blinded.
Your surroundings seem slightly different.
The spectator waves a pennant, rooting for your enemy!
Jorgrun hits you but does no damage.
You hit Jorgrun.
You feel better.
Jorgrun is heavily wounded.
Jorgrun hits you but does no damage.
You strike the helpless Jorgrun from behind!
You slash Jorgrun!
Jorgrun is heavily wounded.
Jorgrun hits you with a staff of earth!
* * * LOW HITPOINT WARNING * * *
Okay, then.
You barely miss Jorgrun.
Jorgrun is heavily wounded.
Jorgrun is no longer blind.
Jorgrun casts a spell at you. The iron shot hits you!!
You die...
Okawaru crowns Jorgrun victorious!

###########
#..p▓∩▓p..#
#.▓▓▓▓▓▓▓.#
#.▓.....▓.#
#p▓.....▓p#
#p▓..g..▓p#
#p▓..@..▓p#
#p▓.....▓p#
#.▓▓▓▓▓▓▓.#
#..ppppp..#
###########


You could see Jorgrun (very poisoned).

Vanquished Creatures
  Erica (D:10)
  A hydra (Lair:2)
  2 boulder beetles
  2 two-headed ogres
  Nergalle (Lair:2)
  A deep elf pyromancer (D:13)
  A cyclops (D:12)
  5 elephants (Lair:4)
  4 manticores
  2 black mambas (Lair:4)
  7 cane toads
  A gargoyle (D:12)
  Psyche (D:8)
  3 unseen horrors
  2 komodo dragons
  5 rime drakes (Lair:4)
  A tengu conjurer (D:13)
  A meliai (D:13)
  3 polar bears
  2 trolls
  Grinder (D:4)
  A snapping turtle (Lair:3)
  8 blink frogs
  2 hornets
  3 slime creatures (D:12)
  3 shadows (D:11)
  A jumping spider (Lair:3)
  3 wraiths
  13 wyverns
  43 yaks
  2 redbacks (Lair:3)
  6 basilisks
  7 vampire mosquitoes
  A steam dragon (D:9)
  6 water moccasins
  3 ice beasts
  2 black bears
  2 sky beasts
  An ogre (D:6)
  11 wolves
  4 boggarts (Lair:4)
  8 centaurs
  A phantom (D:3)
  13 bullfrogs
  2 scorpions
  17 wights
  8 killer bees
  9 howler monkeys
  A hound (D:5)
  5 orc priests
  3 sleepcaps
  5 iguanas
  4 orc wizards
  7 hell rats (Lair:4)
  7 gnolls
  18 adders
  A river rat (Sewer)
  A white imp (D:8)
  2 ufetubi (D:5)
  2 worms
  27 orcs
  18 ball pythons
  5 endoplasms
  4 giant cockroaches
  7 hobgoblins
  5 quokkas
  6 bats
  4 frilled lizards
  7 goblins
  8 kobolds
  35 rats
409 creatures vanquished.

Vanquished Creatures (others)
  A yak (D:6)
  A hound (D:4)
  An orc wizard (D:4)
  A white imp (Abyss:2)
  A goblin (D:4)
  16 fungi
  27 plants
48 creatures vanquished.

Grand Total: 457 creatures vanquished

Notes
Turn   | Place    | Note
-------+----------+-------------------------------------------
     0 | D:1      | Zeldest the Mummy Gladiator began the quest for the Orb.
     0 | D:1      | Reached XP level 1. HP: 16/16 MP: 1/1
   225 | D:1      | Reached XP level 2. HP: 22/22 MP: 2/2
   862 | D:2      | Reached skill level 3 in Axes
   974 | D:2      | Reached skill level 1 in Armour
   974 | D:2      | Gained mutation: You are in touch with the powers of death.
                  | [Mummy growth]
   974 | D:2      | Reached XP level 3. HP: 19/28 MP: 3/3
  1562 | D:2      | Reached XP level 4. HP: 31/34 MP: 4/4
  1672 | D:3      | Reached XP level 5. HP: 36/41 MP: 5/5
  1904 | D:3      | Reached skill level 4 in Axes
  2616 | D:3      | Noticed a phantom
  2625 | D:3      | Killed a phantom
  2626 | D:3      | Reached XP level 6. HP: 48/48 MP: 6/6
  2627 | D:3      | Found a snail-covered altar of Cheibriados.
  2826 | D:4      | Found Feqyxae's Book Shop.
  2884 | D:4      | Noticed an ice beast
  2901 | D:4      | Killed an ice beast
  2966 | D:4      | Reached skill level 5 in Axes
  2966 | D:4      | Reached XP level 7. HP: 24/54 MP: 7/7
  3127 | D:4      | Noticed Grinder
  3174 | D:4      | Killed Grinder
  3682 | D:5      | Entered Level 5 of the Dungeon
  3905 | D:5      | Found a glowing drain.
  3935 | Sewer    | Entered a sewer
  4011 | Sewer    | Reached skill level 6 in Axes
  4036 | Sewer    | Reached XP level 8. HP: 60/61 MP: 8/8
  4084 | Sewer    | Reached skill level 5 in Fighting
  4262 | D:5      | Found a sparkling altar of Nemelex Xobeh.
  4372 | D:5      | Found a sacrificial altar of Ru.
  4700 | D:5      | Found a staircase to the Ecumenical Temple.
  4791 | Temple   | Entered the Ecumenical Temple
  5175 | D:6      | Reached skill level 7 in Axes
  5373 | D:6      | Noticed Duvessa
  5673 | D:6      | Found Learroxke's Distillery.
  5742 | D:6      | Noticed Dowan
  5958 | D:7      | Reached XP level 9. HP: 60/69 MP: 3/9
  6026 | D:7      | Found a runed translucent gate.
  6026 | D:7      | Found a runed translucent gate.
  6026 | D:7      | Found a runed translucent gate.
  6027 | D:7      | Noticed a kobold demonologist
  6216 | D:7      | Noticed avangion's ghost (novice DECj)
  6453 | D:7      | Found a hide-covered altar of Uskayaw.
  6796 | D:6      | Reached skill level 8 in Axes
  6796 | D:6      | Reached skill level 1 in Shields
  7817 | D:7      | Reached skill level 9 in Axes
  7854 | D:8      | Reached XP level 10. HP: 29/79 MP: 3/10
  8295 | D:8      | Noticed Psyche
  8473 | D:8      | Killed Psyche
  9659 | D:9      | Found a shimmering altar of Xom.
  9916 | D:9      | Found a bloodstained altar of Trog.
 10065 | D:9      | Found an ornate altar of the Wu Jian Council.
 10065 | D:9      | Found a shimmering blue altar of Sif Muna.
 10069 | D:9      | Found a burning altar of Makhleb.
 10425 | D:10     | Entered Level 10 of the Dungeon
 10605 | D:10     | Noticed Erica
 10622 | D:10     | Reached skill level 10 in Axes
 11384 | D:10     | Got the Atlas of Amalgamated Graupel
 11453 | D:10     | Killed Erica
 11642 | D:10     | Found an iron altar of Okawaru.
 11643 | D:10     | Found an opulent altar of Gozag.
 11660 | D:10     | Reached XP level 11. HP: 75/87 MP: 3/11
 11711 | D:10     | Became a worshipper of Warmaster Okawaru
 12134 | D:11     | Noticed a death yak
 12140 | D:11     | Identified a scroll of acquirement
 12141 | D:11     | Acquired the +0 kite shield of Cet Curr {rF+}
 12143 | D:11     | Noticed a death yak
 12310 | D:11     | Noticed a death yak
 12310 | D:11     | Noticed a two-headed ogre
 12593 | D:11     | Found a staircase to the Lair.
 12605 | Lair:1   | Entered Level 1 of the Lair of Beasts
 12666 | Lair:1   | Reached skill level 5 in Shields
 12815 | Lair:1   | Reached * piety under Okawaru
 12880 | Lair:1   | Reached skill level 11 in Axes
 13265 | Lair:1   | Reached ** piety under Okawaru
 13291 | Lair:1   | Reached skill level 1 in Invocations
 14090 | Lair:2   | Noticed Nergalle
 14357 | Lair:2   | HP: 1/89 [polar bear (19)]
 14648 | Lair:2   | Noticed a five-headed hydra
 14763 | Lair:3   | Noticed an oklob plant
 14777 | Lair:3   | Reached *** piety under Okawaru
 14869 | Lair:3   | Noticed a seven-headed hydra
 14981 | Lair:2   | Killed a five-headed hydra
 14981 | Lair:2   | Reached **** piety under Okawaru
 14982 | Lair:2   | Reached skill level 10 in Fighting
 15223 | Lair:2   | Reached skill level 12 in Axes
 15244 | Lair:2   | Reached XP level 12. HP: 32/97 MP: 14/14
 15810 | Lair:2   | Found a sacrificial altar of Ru.
 16121 | Lair:2   | Killed Nergalle
 16121 | Lair:2   | Reached ***** piety under Okawaru
 16495 | Lair:3   | Received a gift from Okawaru
 16554 | Lair:3   | Found a staircase to the Shoals.
 16866 | Lair:3   | Found a hole to the Spider Nest.
 17262 | Lair:4   | Noticed a six-headed hydra
 17285 | Lair:4   | Noticed a seven-headed hydra
 17454 | Lair:4   | Reached skill level 5 in Invocations
 17475 | Lair:4   | Reached skill level 13 in Axes
 17868 | Lair:4   | Identified the +0 pair of boots of Tartarus {-Cast Will+
                  | rCorr Dex+2} (Okawaru gifted it to you on level 4 of the
                  | Lair of Beasts)
 17868 | Lair:4   | Received a gift from Okawaru
 18020 | Lair:4   | Found a snail-covered altar of Cheibriados.
 18261 | Lair:4   | Noticed a boulder beetle
 18326 | Lair:4   | Killed a boulder beetle
 18327 | Lair:4   | Gained mutation: You are strongly in touch with the powers
                  | of death. [Mummy growth]
 18327 | Lair:4   | Reached XP level 13. HP: 43/106 MP: 17/17
 19024 | D:11     | Identified the amulet "Doapoem" {RegenMP rPois}
 19825 | Lair:5   | Entered Level 5 of the Lair of Beasts
 20187 | D:12     | Reached skill level 14 in Axes
 20254 | D:12     | Noticed Sonja
 20260 | Abyss:1  | Cast into level 1 of the Abyss (Sonja)
 20305 | Abyss:1  | Found a corrupted altar of Lugonu.
 20366 | D:12     | Escaped the Abyss
 20369 | D:12     | Sonja changed into Sonja the black bear
 20369 | D:12     | Noticed Sonja
 20373 | D:12     | Killed Sonja the black bear
 20887 | D:12     | Found a staircase to the Orcish Mines.
 22103 | D:13     | Noticed Jorgrun
 22112 | D:13     | Received a gift from Okawaru
 22116 | Arena    | Entered the Arena
 22121 | Arena    | Killed from afar by Jorgrun

Illustrated notes

Levels and vault maps discovered:
D:1:      minmay_arrival_four_houses, layout_basic, minmay_misc_feat_room,
          reono_crystal_passage
D:2:      layout_basic, corner_web_ring
D:3:      layout_loops_ring, lemuel_coloured_pillars_altar,
          kennysheep_orc_chapel
D:4:      layout_basic, serial_shops, shop, minmay_puff, uniq_grinder
D:5:      layout_loops_ring, nemelex_diamond_rough_becter,
          kennysheep_little_box, old_standard_altar, temple_doors_e,
          portal_sewer_entry_d, minivault_1, minivault_5
D:6:      layout_basic, serial_shops, nicolae_lakefront_shop, uniq_duvessa
D:7:      layout_loops_ring, nicolae_uskayaw_murder_on_the_dancefloor,
          gammafunk_ghost_nasty_kobolds
D:8:      nicolae_whirlpool, layout_loops_ring, uniq_psyche
D:9:      layout_stronghold, minitemple, xom_teletrap_fun,
          trog_three_pillars_becter
D:10:     layout_roguey, mainiacjoe_overflow_catwalk_spiral,
          serial_corexii_hall, corexii_hall_statues_deadend,
          corexii_hall_statues_i, corexii_hall_statues_s,
          corexii_hall_statues_deadend, minmay_rotating_lava, uniq_erica
D:11:     layout_grid_maze, dpeg_lair_monsters
D:12:     layout_layer_cave, david_orc_2, uniq_sonja
D:13:     layout_cave_pools, skrybe_vaults_entry_preservation, uniq_jorgrun
Temple:   hellmonk_temple_beads
Lair:1:   layout_hall_layers, lemuel_fruit_fields, grunt_megastairs_2,
          lemuel_fruit_fields, lemuel_fruit_fields
Lair:2:   layout_cave_pods, grunt_forest_small_clearings, lemuel_centaur_altar,
          uniq_nergalle
Lair:3:   layout_roguey, minmay_shoals_entry_hut, spider_nest_entry_a
Lair:4:   layout_roguey [special_room_mythical_zoo], basic_altar, minivault_25,
          st_stairs_6, grunt_forest_stairs_basic, kilobyte_rumbling_trees,
          grunt_megastairs_5
Lair:5:   due_jungle_book, layout_regular_city, nicolae_slime_entry_slimehenge
Arena

Skill      XL: |  1  2  3  4  5  6  7  8  9 10 11 12 13 |
---------------+----------------------------------------+-----
Axes           | 3 4 5 6 7 9 10 12 13 14 | 14.2
Armour         | 1 2 3 4 |  4.9
Fighting       | 3 4 6 7 8 10 11 12 | 12.0
Shields        | 2 4 5 |  5.4
Invocations    | 3 5 7 |  7.0
Throwing       | |  1.5
Dodging        | |  2.4

Action                     |  1- 3 |  4- 6 |  7- 9 | 10-12 | 13-15 || total
---------------------------+-------+-------+-------+-------+-------++-------
  Melee: War axe           |   118 |   164 |   467 |  1017 |   278 ||  2044
         Punch             |       |       |     4 |     4 |       ||     8
  Throw: Throwing net      |       |       |       |     3 |       ||     3
 Invoke: Heroism           |       |       |       |     7 |     2 ||     9
         Duel              |       |       |       |       |     1 ||     1
  Evoke: Wand              |       |     6 |     3 |    27 |     5 ||    41
         Lightning rod     |       |       |       |     4 |       ||     4
    Use: Scroll            |       |     1 |    11 |    14 |     4 ||    30
   Stab: Sleeping          |     2 |       |       |       |       ||     2
         Distracted        |       |       |       |     3 |       ||     3
         Held in net/web   |       |       |       |     2 |       ||     2
         Invisible         |       |       |       |     1 |     1 ||     2
 Armour: Leather armour    |    50 |    25 |       |       |       ||    75
         Ring mail         |       |    37 |   257 |   434 |   203 ||   931
  Dodge: Dodged            |   100 |    88 |   363 |   517 |   173 ||  1241
  Block: Tower shield      |       |       |    20 |       |       ||    20
         Kite shield       |       |       |       |   361 |   175 ||   536

Table legend: (Time is in decaauts)
 A = Elapsed time spent in this place.
 B = Non-inter-level travel time spent in this place.
 C = Inter-level travel time spent in this place.
 D = Time resting spent in this place.
 E = Time spent auto-exploring this place.
 F = Levels seen in this place.
 G = Mean time per level.
                   A        B        C        D        E       F      G
               +--------+--------+--------+--------+--------+-----+--------+
         Total |  22432 |  21563 |    869 |   6393 |  10170 |  23 |  975.3 |
       Dungeon |  15495 |  15011 |    484 |   4226 |   7588 |  13 | 1191.9 |
        Temple |    107 |     94 |     13 |      0 |     84 |   1 |  107.0 |
          Lair |   6388 |   6017 |    371 |   2070 |   2461 |   5 | 1277.6 |
         Abyss |    105 |    105 |      0 |     64 |      0 |   2 |   52.5 |
         Sewer |    330 |    330 |      0 |     33 |     37 |   1 |  330.0 |
         Arena |      4 |      4 |      0 |      0 |      0 |   1 |    4.0 |
               +--------+--------+--------+--------+--------+-----+--------+

Top non-repeatable levels by time:
  Lair:2: 1913 daAuts
    D:10: 1866 daAuts
  Lair:1: 1689 daAuts
    D:12: 1662 daAuts
     D:7: 1541 daAuts
     D:6: 1522 daAuts
  Lair:4: 1510 daAuts
    D:11: 1421 daAuts
     D:9: 1212 daAuts
  Lair:3: 1211 daAuts
     D:8: 1176 daAuts
     D:3: 1175 daAuts
     D:4: 1038 daAuts
     D:5: 1016 daAuts
     D:1: 793 daAuts
